 Dungeon Crawl Stone Soup version 0.20.1-1-g8b1a95d (webtiles) character file.

109 Ladykiller69 the Ruffian (level 4, -1/23 HPs)
             Began as a Vine Stalker Gladiator on July 16, 2017.
             Killed by divine providence
             ... invoked by an orc priest
              (13 damage)
             ... on level 3 of the Dungeon.
             The game lasted 00:04:25 (1581 turns).

Ladykiller69 the Ruffian (Vine Stalker Gladiator)   Turns: 1581, Time: 00:04:25

Health: -1/23      AC:  4    Str: 18    XL:     4   Next: 90%
Magic:  0/5        EV: 13    Int:  8    God:
Gold:   15         SH:  0    Dex: 15    Spells: 3/3 levels left

rFire    . . .     SeeInvis .     - Unarmed
rCold    . . .     Gourm    .   (no shield)
rNeg     . . .     Faith    .   a - +0 leather armour
rPois    .         Spirit   +   b - +0 helmet
rElec    .         Reflect  .   (no cloak)
rCorr    .         Harm     .   (no gloves)
MR       .....                  (no boots)
Stlth    +.........             (no amulet)
Regen    0.5/turn               (no ring)
MPRegen  0.1/turn               (no ring)

@: no status effects
A: fangs 2, regeneration 1, magic shield, antimagic bite, no potion heal 3, rot
immunity
a: no special abilities


You were on level 3 of the Dungeon.
You were not hungry.

You visited 1 branch of the dungeon, and saw 3 of its levels.

You collected 15 gold pieces.

Inventory:

Missiles
 c - 3 throwing nets (quivered)
Armour
 a - a +0 leather armour (worn)
 b - a +0 helmet (worn)
 n - a cursed +0 buckler
Scrolls
 e - a scroll of magic mapping {unknown}
 g - a scroll of teleportation {unknown}
 h - a scroll of immolation {unknown}
 m - 3 scrolls of identify {unknown}
Potions
 i - a potion of cancellation {unknown}
 o - a potion of mutation {unknown}
 p - a potion of berserk rage {unknown}
 q - a potion of curing
Comestibles
 d - 2 bread rations
 f - 2 royal jellies
 j - 3 chunks of flesh
 k - a meat ration
 l - 2 fruits


   Skills:
 + Level 2.5 Fighting
 + Level 2.6 Throwing
 + Level 2.8 Dodging
 * Level 4.0 Unarmed Combat


You had 3 spell levels left.
You didn't know any spells.

Dungeon Overview and Level Annotations

Branches:
Dungeon (3/15)

Altars:
Gozag
Kikubaaqudgha
Zin


Innate Abilities, Weirdness & Mutations

You have extremely sharp teeth.
Your natural rate of healing is unusually fast.
When hurt, damage is shared between your health and your magic reserves.
Your bite disrupts and absorbs the magic of your enemies.
Potions cannot restore your health.
You are immune to rotting.


Message History

You butcher the adder corpse.
j - 3 chunks of flesh (gained 1)
A hobgoblin comes into view.
A hobgoblin is nearby!
The hobgoblin shouts!
An orc priest comes into view. It is wielding a dagger.
You hit the hobgoblin. Your bite misses the hobgoblin.
The hobgoblin is almost dead.
The hobgoblin barely misses you.
An orc comes into view. It is wielding a short sword.
The orc shouts!
You hit the hobgoblin.
You kill the hobgoblin!
The orc priest calls down the wrath of Beogh upon you.
Beogh smites you!
You hear a shout!
The orc priest invokes the aid of Beogh against you.
Beogh smites you!
Ouch! That really hurt!
You die...

##.#.#########
....oo.@.....#
##.#.#######.#
#.# #.# #.#
#######.#
#.<.....#
#########


You could see an orc priest and an orc.

Vanquished Creatures
  Jessica (D:2)
  5 adders
  A dart slug (D:1)
  2 leopard geckos (D:2)
  A ball python (D:2)
  A giant cockroach (D:2)
  6 goblins
  2 hobgoblins
  4 kobolds (D:2)
  3 quokkas (D:2)
  4 bats
  A frilled lizard (D:1)
  6 rats (D:2)
  A rat zombie (D:2)
38 creatures vanquished.

Notes
Turn   | Place    | Note
-------+----------+-------------------------------------------
     0 | D:1      | Ladykiller69 the Vine Stalker Gladiator began the quest for the Orb.
     0 | D:1      | Reached XP level 1. HP: 11/11 MP: 2/2
   468 | D:1      | Reached XP level 2. HP: 13/15 MP: 3/3
   927 | D:2      | Reached XP level 3. HP: 17/18 MP: 4/4
   968 | D:2      | Found an ancient bone altar of Kikubaaqudgha.
  1052 | D:2      | Found a faded altar of an unknown god.
  1304 | D:2      | Noticed Jessica
  1317 | D:2      | Killed Jessica
  1317 | D:2      | Gained mutation: Your natural rate of healing is unusually fast. [Vine Stalker growth]
  1317 | D:2      | Reached XP level 4. HP: 21/23 MP: 5/5
  1371 | D:2      | Reached skill level 4 in Unarmed Combat
  1507 | D:2      | Found a glowing silver altar of Zin.
  1508 | D:2      | Found an opulent altar of Gozag.
  1581 | D:3      | Killed from afar by an orc priest

Skill      XL: |  1  2  3  4 |
---------------+-------------+-----
Throwing       | 2 |  2.6
Fighting       | 2 |  2.5
Unarmed Combat | 4 |  4.0
Dodging        | |  2.8

Action                   |  1- 3 |  4- 6 || total
-------------------------+-------+-------++-------
Melee: Unarmed           |   103 |    25 ||   128
       Bite              |    13 |     5 ||    18
       Punch             |     2 |       ||     2
  Use: Potion            |     2 |       ||     2
 Stab: Sleeping          |       |     1 ||     1
  Eat: Chunk             |     1 |     1 ||     2
Armor: Leather armour    |    36 |     3 ||    39
Dodge: Dodged            |    92 |    17 ||   109
